 Dungeon Crawl Stone Soup version 0.30.1-9-gdf580d7c3d (webtiles) character file.

Game seed: 439802338041189274

130 Cheops the Conjurer (level 5, -1/42 HPs)
             Began as a Naga Fire Elementalist on Oct 14, 2023.
             Slain by Robin
             ... wielding a +0 dagger
              (2 damage)
             ... on level 3 of the Dungeon.
             The game lasted 00:06:16 (2354 turns).

Cheops the Conjurer (Naga Fire Elementalist)        Turns: 2354, Time: 00:06:17

Health: -1/42      AC:  3    Str: 11    XL:     5   Next: 13%
Magic:  2/9        EV:  9    Int: 17    God:
Gold:   77         SH:  0    Dex: 11    Spells: 3/10 levels left

rFire   . . .        a - +0 dagger (elec)
rCold   . . .        (no shield)
rNeg    . . .        g - +1 robe
rPois   +            (no helmet)
rElec   .            (no cloak)
rCorr   .            (no gloves)
SInv    +            (no barding)
Will    .....        (no amulet)
Stlth   ++           (no ring)
HPRegen 0.27/turn    (no ring)
MPRegen 0.11/turn

%: no passive effects
@: very slightly contaminated, very slow
A: AC +1, large, see invisible, deformed body, poison resistance, slowness 2,
spit poison 1, naga tail 1
a: Spit Poison


You were on level 3 of the Dungeon.
You visited 1 branch of the dungeon, and saw 3 of its levels.

You collected 77 gold pieces.

Inventory:

Hand Weapons
 a - a +0 dagger of electrocution (weapon)
 e - a +0 dagger of electrocution
Armour
 g - a +1 robe (worn)
Scrolls
 c - a scroll of enchant armour
 h - a scroll of teleportation
 i - 2 scrolls of immolation {unknown}


   Skills:
 - Level 1.5 Dodging
 - Level 3.0 Stealth
 - Level 3.0 Spellcasting
 - Level 4.0 Conjurations
 + Level 3.1 Fire Magic


You had 3 spell levels left.
You knew the following spells:

 Your Spells              Type           Power      Damage    Failure   Level
a - Foxfire               Conj/Fire      56%        2x1d6     4%          1
b - Scorch                Fire           26%        2d6       8%          2
w - Flame Wave            Conj/Fire      14%        2d6       38%         4

Your spell library contained the following spells:

 Spells                   Type           Power      Damage    Failure   Level
 Momentum Strike          Conj/Tloc      18%        3d8       12%         2
 Blink                    Tloc           4%         N/A       26%         2
 Ensorcelled Hibernation  Hex/Ice        4%         N/A       26%         2
 Lesser Beckoning         Tloc           4%         N/A       26%         2
 Inner Flame              Hex/Fire       7%         N/A       28%         3
 Volatile Blastmotes      Fire/Tloc      14%        2d11      28%         3
 Spider Form              Tmut/Pois      2%         N/A       45%         3
 Anguish                  Hex/Necr       1%         N/A       86%         4


Dungeon Overview and Level Annotations

Branches:
Dungeon (3/15)

Altars:

Annotations:
D:3 Robin


Innate Abilities, Weirdness & Mutations

Your serpentine skin is tough. (AC +1)
You have supernaturally acute eyesight. (SInv)
Armour fits poorly on your strangely shaped body.
Your system is resistant to poisons. (rPois)
You cover ground very slowly.
You can spit poison.
You have a snake-like lower body.


Message History

You miscast Flame Wave.
You are very lightly contaminated with residual magic.
Energy rips through your body!
* * * LOW HITPOINT WARNING * * *
Robin hits you with a +0 dagger.
* * * LOW HITPOINT WARNING * * *
The goblin barely misses you.
Casting: Flame Wave (extremely dangerous; 38% risk of failure)
Confirm with . or Enter, or press ? or * to list all spells.
The spell is extremely dangerous to miscast (38% risk of failure)!
Continue anyway? [Y]es or [N]o only, please.
The spell is extremely dangerous to miscast (38% risk of failure)!
Continue anyway?
Casting: Flame Wave (extremely dangerous; 38% risk of failure)
Press: ? - help, Dir - look around, f - activate You miscast Flame Wave.
You are blasted with magical energy!
* * * LOW HITPOINT WARNING * * *
The hobgoblin completely misses you. The goblin closely misses you.
You aren't carrying any potions.
As you read the scroll labelled PILAUT YCASK, it crumbles to dust.
It is a scroll of enchant armour.
Your +0 robe glows green for a moment.
The kobold closely misses you. Robin hits you but does no damage.
The goblin hits you with a +0 dagger.
* * * LOW HITPOINT WARNING * * *
As you read the scroll labelled IFUWISK NIAMUZO, it crumbles to dust.
It is a scroll of brand weapon.
Your +0 dagger crackles with electricity.
e - a +0 dagger of electrocution You have got your breath back.
The goblin no longer looks unusually strong.
Robin roars a battlecry!
The goblin goes into a battle-frenzy!
The hobgoblin hits you.
* * * LOW HITPOINT WARNING * * *
The kobold hits you but does no damage. The goblin hits you but does no damage.
As you read the scroll labelled RIP LED QAA, it crumbles to dust.
It is a scroll of identify.
h - a scroll of teleportation The goblin no longer looks unusually strong.
Robin hits you with a +0 dagger.
You die...

##########
#........#
#.#
####.######.#
#.. .....#
#.# #..
####### #.#
#.# #......
#.# #.#
...###### #.#
#.###
........#
#.####gg.#
#..#####
#.....@g.#
†...#
#....)gKg#
#.###
#....###.#
.... +......
.†) ....#
##.......#)).
....#
#.#.#### ....
....# #....
... .....
###... .#
......


You could see Robin, a hobgoblin (strong), 3 goblins and a kobold.

Vanquished Creatures
  A jelly (D:2)
  2 adders
  2 worms (D:2)
  3 dart slugs
  3 ball pythons
  7 endoplasms
  A giant cockroach (D:1)
  15 goblins
  6 hobgoblins
  3 jackals (D:1)
  5 quokkas
  6 bats
  A frilled lizard (D:1)
  2 kobolds (D:1)
  5 rats
62 creatures vanquished.

Vanquished Creatures (others)
  157 foxfires
157 creatures vanquished.

Grand Total: 219 creatures vanquished

Notes
Turn   | Place    | Note
-------+----------+-------------------------------------------
     0 | D:1      | Cheops the Naga Fire Elementalist began the quest for the
                  | Orb.
     0 | D:1      | Reached XP level 1. HP: 15/15 MP: 3/3
   119 | D:1      | Reached XP level 2. HP: 22/22 MP: 1/5
   554 | D:1      | Reached XP level 3. HP: 10/28 MP: 1/7
   557 | D:1      | Learned a level 2 spell: Scorch
   773 | D:1      | Reached skill level 2 in Conjurations
  1609 | D:2      | Reached XP level 4. HP: 27/36 MP: 3/8
  1702 | D:2      | Reached skill level 3 in Conjurations
  1782 | D:2      | Learned a level 4 spell: Flame Wave
  2227 | D:3      | Reached XP level 5. HP: 38/42 MP: 4/9
  2287 | D:3      | Reached skill level 4 in Conjurations
  2337 | D:3      | Noticed Robin
  2353 | D:3      | HP: 1/42 [hobgoblin[Robin] (4)]
  2354 | D:3      | Slain by Robin

Illustrated notes

Levels and vault maps discovered:
D:1:      mainiacjoe_arrival_reflecting_pool, layout_basic, kennysheep_boxes
D:2:      layout_rooms
D:3:      layout_basic, nicolae_overflow_hidden_temple, basic_ecumenical_altar,
          kennysheep_generic_room_13, uniq_robin

Skill      XL: |  1  2  3  4  5 |
---------------+----------------+-----
Spellcasting   | 3 |  3.0
Conjurations   | 2 3 4 |  4.0
Dodging        | |  1.5
Stealth        | |  3.0
Fire Magic     | |  3.1

Action                     |  1- 3 |  4- 6 || total
---------------------------+-------+-------++-------
  Melee: Unarmed           |     3 |       ||     3
         Dagger            |    20 |     5 ||    25
   Cast: Foxfire           |    57 |    33 ||    90
         Scorch            |     2 |     4 ||     6
Ability: Spit Poison       |     7 |     2 ||     9
    Use: Scroll            |       |     3 ||     3
         Potion            |       |     1 ||     1
 Armour: Robe              |     6 |    10 ||    16
  Dodge: Dodged            |    31 |    23 ||    54
